 Dungeon Crawl Stone Soup version 0.24-a0-307-gf989941 (webtiles) character file.

Game seed: 16254811971541639599

2 MatthieuS the Vexing (level 1, 0/13 HPs)
             Began as a Human Enchanter on May 12, 2019.
             Slain by a leopard gecko (3 damage)
             ... on level 1 of the Dungeon.
             The game lasted 00:00:25 (189 turns).

MatthieuS the Vexing (Human Enchanter)               Turns: 189, Time: 00:00:26

Health: 0/13       AC:  2    Str:  8    XL:     1   Next: 44%
Magic:  3/3        EV: 12    Int: 15    God:
Gold:   0          SH:  0    Dex: 13    Spells: 3/4 levels left

rFire    . . .     SeeInvis .   a - +1 dagger
rCold    . . .     Gourm    .   (no shield)
rNeg     . . .     Faith    .   b - +0 robe
rPois    .         Spirit   .   (no helmet)
rElec    .         Reflect  .   (no cloak)
rCorr    .         Harm     .   (no gloves)
MR       .....                  (no boots)
Stlth    ++........             (no amulet)
HPRegen  0.04/turn              (no ring)
MPRegen  0.08/turn              (no ring)

@: no status effects
A: no striking features
a: no special abilities


You were on level 1 of the Dungeon.
You were not hungry.

You visited 1 branch of the dungeon, and saw 1 of its levels.

Inventory:

Hand Weapons
 a - a +1 dagger (weapon)
Armour
 b - a +0 robe (worn)
 c - a +0 leather armour
   (You found it on level 1 of the Dungeon)
Scrolls
 d - a scroll of enchant weapon {unknown}
Potions
 f - a potion of mutation {unknown}
 h - a potion of flight {unknown}
Comestibles
 e - 2 rations
 g - 2 chunks of flesh


   Skills:
 + Level 0.1 Fighting
 + Level 1.0 Short Blades
 + Level 2.0 Dodging
 + Level 3.0 Stealth
 + Level 2.0 Spellcasting
 + Level 3.0 Hexes


You had 3 spell levels left.
You knew the following spells:

 Your Spells              Type           Power        Failure   Level  Hunger
a - Corona                Hex            ##.....      6%          1    #......

Your spell library contained the following spells:

 Spells                   Type           Power        Failure   Level  Hunger
 Ensorcelled Hibernation  Hex/Ice        #.....       19%         2    ###....
 Confuse                  Hex            ##......     19%         3    ###....
 Tukima's Dance           Hex            ##......     19%         3    ###....
 Dazzling Spray           Conj/Hex       #.....       34%         3    ###....


Dungeon Overview and Level Annotations

Branches:
Dungeon (1/15)

Altars:


Message History

No target in view!
No target in view!
You see here a frilled lizard corpse.
You butcher the frilled lizard corpse.
g - 2 chunks of flesh (gained 1)
You see here a frilled lizard skeleton.
Found a fizzy emerald potion.
Found a hand axe.
e - 2 rations (gained 1)
A giant cockroach comes into view.
A leopard gecko comes into view.
The leopard gecko hisses angrily.
The giant cockroach waves its antennae.
The giant cockroach barely misses you.
You see here a fizzy emerald potion.
The giant cockroach completely misses you.
There are no items here.
You barely miss the giant cockroach. The giant cockroach barely misses you.
The giant cockroach bites you but does no damage.
The leopard gecko misses you.
You see here a fizzy emerald potion.
You hit the leopard gecko.
The giant cockroach bites you but does no damage.
The leopard gecko closely misses you. The giant cockroach closely misses you.
h - a fizzy emerald potion The leopard gecko barely misses you.
The giant cockroach bites you but does no damage.
You barely miss the leopard gecko. The leopard gecko bites you.
The giant cockroach misses you. The leopard gecko barely misses you.
You closely miss the leopard gecko. The giant cockroach barely misses you.
The leopard gecko barely misses you.
You hit the leopard gecko but do no damage.
The giant cockroach barely misses you. The leopard gecko bites you.
You closely miss the leopard gecko.
The giant cockroach bites you but does no damage.
The leopard gecko barely misses you.
You miss the leopard gecko. The giant cockroach bites you.
The leopard gecko bites you but does no damage.
You closely miss the leopard gecko. The giant cockroach misses you.
The leopard gecko bites you.
* * * LOW HITPOINT WARNING * * *
The giant cockroach completely misses you.
A giant cockroach comes into view.
Found a stone staircase leading down.
The leopard gecko closely misses you. The giant cockroach barely misses you.
The giant cockroach closely misses you.
A leopard gecko comes into view.
The leopard gecko barely misses you. The leopard gecko bites you.
You die...

..... #...........
...s...####...........
.........^....).......
...>................. +
..............#.......#
.......#........##. ..#.
.......+........+ .....
#....l.#ls......##......
.........@..............
..##########............
....................
.......รท............
....................
######............##
####..............
...#.................
...#..............


You could see 2 leopard geckos and a giant cockroach.

Vanquished Creatures
  A giant cockroach (D:1)
  2 frilled lizards (D:1)
3 creatures vanquished.

Notes
Turn   | Place    | Note
-------+----------+-------------------------------------------
     0 | D:1      | MatthieuS the Human Enchanter began the quest for the Orb.
     0 | D:1      | Reached XP level 1. HP: 13/13 MP: 3/3
   189 | D:1      | Slain by a leopard gecko

Levels and vault maps discovered:
D:1:      lemuel_arrival_broad_hall, layout_basic

Action                   || total
-------------------------++-------
Melee: Dagger            ||    24
Armor: Robe              ||     8
Dodge: Dodged            ||    32

Table legend:
 A = Non-vault XP
 B = Vault XP
 C = Vault XP percentage of total XP
 D = Non-vault monster count
 E = Vault monster count
 F = Vault count percentage of total count
                 A         B        C        D         E       F
            +---------+---------+-------+---------+---------+-------
      Total |       4 |       0 |   0.0 |       3 |       0 |   0.0
            +---------+---------+-------+---------+---------+-------
        D:1 |       4 |       0 |   0.0 |       3 |       0 |   0.0
            +---------+---------+-------+---------+---------+-------
